Map: Deathaura LE

Players

黑羽快斗 (ButAlways) - Winner!

  • Race: Protoss Protoss
  • League: Grandmaster
  • Spawn Location: 5:00

Yoger

  • Race: Zerg Zerg
  • League: Master
  • Spawn Location: 11:00

Event: DreamHack SC2 Masters 2020 Winter

VOD

Have the link to the VOD?

Description

Time

  • Played on: Oct. 22, 2020, 9:24 a.m.
  • Length: 13:05

All games in this series

Show
View Real Time Build Order
Export as new Build Order

黑羽快斗 Protoss - Winner!

Build Orders: 1 Gate Expand 

Get SALT Encoding   

  12  0:00  Probe  
  13  0:12  Probe  
  14  0:17  Pylon  
  14  0:24  Probe (Chrono Boost)  
  15  0:36  Probe (Chrono Boost)  
  15  0:37  Gateway  
  16  0:44  Probe (Chrono Boost)  
  16  0:49  Assimilator  
  17  0:51  Probe  
  18  1:03  Probe  
  19  1:15  Probe  
  20  1:24  Nexus  
  20  1:35  Cybernetics Core  
  20  1:38  Probe  
  21  1:44  Assimilator  
  21  1:50  Probe  
  21  1:53  Pylon  
  22  2:01  Probe  
  22  2:08  Adept (Chrono Boost)  
  23  2:09  Probe  
  26  2:17  Stargate  
  26  2:18  Probe  
  27  2:26  Warp Gate  
  27  2:30  Probe (Chrono Boost)  
  28  2:37  Probe (Chrono Boost)  
  29  2:45  Adept  
  29  2:46  Probe (Chrono Boost)  
  29  2:47  Probe (Chrono Boost)  
  32  2:52  Probe (Chrono Boost)  
  32  2:53  Probe  
  32  2:54  Void Ray (Chrono Boost)  
  34  3:04  Probe  
  39  3:07  Probe  
  40  3:16  Pylon, Probe  
  40  3:19  Probe  
  42  3:25  Void Ray (Chrono Boost)  
  42  3:28  Probe  
  46  3:34  Probe  
  46  3:37  Gateway  
  46  3:40  Probe  
  48  3:44  Gateway  
  48  3:47  Probe  
  49  3:52  Pylon, Probe  
  50  3:59  Probe  
  50  4:02  Void Ray (Chrono Boost)  
  51  4:04  Pylon, Probe  
  52  4:15  Adept  
  58  4:18  Pylon  
  58  4:20  Probe  
  58  4:22  Probe  
  60  4:36  Nexus  
  60  4:37  Adept x2  
  64  4:40  Adept  
  64  4:41  Void Ray  
  66  4:48  Probe  
  66  4:49  Probe  
  72  4:59  Assimilator  
  72  5:00  Probe  
  72  5:01  Assimilator  
  72  5:02  Probe  
  72  5:03  Pylon  
  74  5:13  Probe  
  75  5:18  Void Ray  
  71  5:21  Probe  
  71  5:25  Probe  
  75  5:33  Probe  
  76  5:36  Robotics Facility  
  76  5:37  Probe  
  76  5:39  Forge  
  77  5:43  Shield Battery  
  77  5:45  Probe  
  77  5:48  Adept x3  
  77  5:49  Probe x2  
  78  5:53  Twilight Council  
  76  5:58  Probe  
  76  6:00  Gateway  
  76  6:01  Probe  
  76  6:02  Gateway  
  78  6:09  Assimilator, Protoss Ground Weapons Level 1  
  78  6:11  Sentry  
  78  6:12  Assimilator, Sentry  
  78  6:13  Zealot  
  84  6:18  Probe  
  84  6:19  Probe  
  84  6:21  Probe  
  84  6:22  Warp Prism (Chrono Boost)  
  84  6:24  Pylon  
  89  6:38  Blink  
  89  6:44  Robotics Bay  
  89  6:45  Gateway  
  89  6:47  Gateway  
  89  6:50  Stalker, Sentry  
  89  6:52  Probe x2  
  89  6:53  Probe  
  96  6:57  Zealot x2  
  96  7:00  Zealot  
  102  7:04  Probe  
  103  7:09  Photon Cannon  
  103  7:14  Observer  
  104  7:16  Zealot  
  104  7:19  Pylon  
  104  7:21  Zealot  
  108  7:24  Pylon  
  108  7:32  Gateway  
  108  7:34  Pylon  
  108  7:35  Pylon  
  114  7:38  Pylon, Sentry  
  114  7:42  Sentry  
  114  7:43  Stalker x2, Sentry  
  124  7:59  Phoenix (Chrono Boost)  
  124  8:02  Shield Battery  
  124  8:03  Shield Battery  
  124  8:04  Shield Battery x2  
  114  8:15  Phoenix (Chrono Boost)  
  114  8:16  Stalker x7  
  114  8:20  Stargate  
  104  8:32  Phoenix (Chrono Boost), Protoss Ground Weapons Level 2  
  102  8:37  Stalker  
  102  8:39  Charge  
  102  8:40  Stalker  
  106  8:42  Stalker x3  
  108  8:52  Phoenix (Chrono Boost)  
  110  8:56  Stalker x3  
  116  9:08  Phoenix (Chrono Boost)  
  120  9:10  Phoenix (Chrono Boost)  
  120  9:20  Zealot x7  
  134  9:30  Phoenix  
  130  9:31  Observer  
  130  9:36  Phoenix  
  132  9:39  Zealot  
  132  9:40  Zealot x4  
  142  9:53  Fleet Beacon  
  142  9:58  Templar Archives  
  142  10:16  Zealot x2  
  142  10:19  Phoenix  
  148  10:27  Photon Cannon  
  148  10:37  Anion Pulse-Crystals (Chrono Boost)  
  148  10:38  Protoss Air Weapons Level 1  
  148  10:49  Nexus  
  148  10:57  Pylon  
  148  10:59  Pylon  
  148  11:01  Pylon  
  148  11:07  Pylon  
  148  11:10  Photon Cannon  
  148  11:12  Photon Cannon  
  148  11:15  Phoenix x2  
  152  11:26  High Templar  
  152  11:27  High Templar x5  
  152  11:28  Zealot x2  
  152  11:31  Archon  
  152  11:32  Archon  
  168  11:34  Archon  
  168  11:37  Probe x2  
  168  11:38  Gateway, Probe  
  171  11:40  Phoenix x2  
  171  11:41  Photon Cannon  
  171  11:42  Gateway  
  171  11:44  Photon Cannon  
  173  11:48  Photon Cannon  
  173  11:52  Shield Battery, Probe  
  174  11:54  Warp Prism (Chrono Boost)  
  176  12:05  Phoenix  
  178  12:11  High Templar  
  178  12:12  High Templar, Zealot x5  
  192  12:20  Assimilator  
  192  12:24  Assimilator  
  174  12:37  Archon  
  174  12:42  Zealot x7  
Show
View Real Time Build Order
Export as new Build Order

Yoger Zerg 

Build Orders: Pool First, Lurkers 

Get SALT Encoding   

  12  0:00  Drone  
  13  0:14  Overlord  
  13  0:18  Drone  
  14  0:33  Drone x2  
  16  0:38  Drone  
  17  0:44  Extractor  
  17  0:46  Spawning Pool  
  15  0:50  Drone  
  16  0:58  Drone  
  17  1:08  Drone  
  18  1:23  Hatchery  
  17  1:33  Zergling x4  
  17  1:38  Queen  
  21  1:47  Overlord  
  21  1:51  Drone  
  22  1:57  Metabolic Boost  
  22  2:06  Drone  
  23  2:12  Drone  
  23  2:13  Queen  
  26  2:27  Drone  
  27  2:34  Drone  
  28  2:40  Drone  
  29  2:46  Drone  
  29  2:47  Drone  
  29  2:50  Hatchery  
  29  2:54  Drone  
  29  2:55  Drone  
  31  3:02  Overlord  
  31  3:08  Queen  
  31  3:11  Drone  
  34  3:15  Overlord  
  34  3:18  Drone  
  35  3:20  Drone  
  35  3:24  Drone  
  35  3:25  Drone  
  38  3:28  Drone  
  38  3:31  Overlord  
  39  3:35  Drone x2  
  39  3:40  Drone  
  42  3:43  Overlord  
  42  3:49  Queen  
  42  3:53  Drone x2  
  46  3:56  Drone  
  46  3:59  Overlord  
  46  4:00  Drone  
  48  4:05  Spore Crawler  
  48  4:06  Spore Crawler  
  48  4:07  Drone x2  
  47  4:17  Drone x4  
  47  4:18  Drone  
  47  4:22  Drone x2  
  54  4:25  Drone  
  54  4:27  Zergling x2  
  54  4:28  Queen  
  58  4:33  Drone x4  
  62  4:38  Lair  
  62  4:43  Roach Warren  
  62  4:45  Drone, Spore Crawler  
  61  4:51  Drone  
  61  4:52  Drone x3, Extractor x2  
  64  4:58  Zergling x6  
  65  5:04  Overlord x2  
  65  5:13  Zergling x2  
  65  5:20  Zergling x8  
  63  5:23  Zergling x2  
  63  5:24  Zergling x8  
  65  5:37  Drone x8  
  73  5:44  Drone  
  72  5:52  Spire  
  72  5:53  Drone x2  
  72  5:56  Drone x2, Extractor  
  74  5:58  Extractor  
  73  6:06  Extractor  
  73  6:07  Drone x2  
  73  6:08  Drone  
  75  6:16  Drone  
  75  6:17  Hydralisk Den  
  75  6:20  Drone  
  75  6:21  Drone x4  
  79  6:26  Queen  
  79  6:28  Drone, Overlord  
  79  6:31  Overlord x2  
  82  6:37  Overlord x2  
  81  6:48  Queen, Hatchery  
  81  6:49  Spore Crawler  
  81  6:50  Drone, Spore Crawler  
  81  6:51  Drone x2  
  81  6:52  Drone x2  
  85  6:55  Overlord  
  85  6:56  Overlord  
  85  6:58  Queen  
  87  7:06  Overlord  
  85  7:14  Mutalisk  
  85  7:15  Mutalisk x6  
  100  7:19  Spine Crawler  
  100  7:20  Mutalisk x2  
  100  7:25  Spine Crawler  
  99  7:30  Mutalisk  
  99  7:31  Spine Crawler  
  99  7:33  Mutalisk, Spine Crawler  
  99  7:36  Mutalisk  
  103  7:39  Mutalisk x2  
  103  7:41  Zergling x2  
  108  7:44  Zergling x2  
  108  7:45  Zergling x4  
  108  7:50  Mutalisk x2  
  113  7:55  Zergling x2  
  110  8:05  Mutalisk x2  
  98  8:16  Mutalisk  
  98  8:20  Extractor  
  98  8:21  Drone, Extractor  
  98  8:22  Drone x7  
  104  8:34  Mutalisk  
  104  8:39  Hatchery  
  101  8:51  Mutalisk x3  
  103  8:57  Drone x6  
  109  9:04  Mutalisk x2, Zerg Flyer Weapons Level 1  
  109  9:08  Drone  
  110  9:10  Zergling x6  
  110  9:11  Hatchery  
  110  9:13  Drone  
  111  9:21  Mutalisk x2  
  113  9:30  Corruptor  
  113  9:31  Corruptor  
  107  9:32  Zergling x2  
  107  9:33  Zergling x8  
  107  9:34  Queen  
  112  9:41  Mutalisk x2  
  112  9:43  Zergling x8  
  116  9:48  Zergling x8  
  119  9:53  Mutalisk  
  119  9:55  Mutalisk  
  119  9:58  Zergling x4  
  125  10:07  Grooved Spines, Hydralisk x2  
  125  10:11  Overlord x2  
  129  10:29  Overlord  
  129  10:31  Drone  
  129  10:32  Hydralisk x5  
  140  10:37  Evolution Chamber  
  140  10:39  Drone x2  
  140  10:40  Hatchery, Hydralisk  
  142  10:45  Hydralisk x2  
  142  10:48  Hydralisk  
  148  10:54  Overlord x2  
  148  11:02  Lurker Den  
  148  11:04  Zerg Missile Weapons Level 1  
  147  11:05  Hydralisk  
  147  11:06  Hydralisk x2  
  147  11:09  Overlord x2  
  153  11:18  Hydralisk x4  
  159  11:28  Drone x5  
  164  11:41  Muscular Augments  
  164  11:43  Drone x5  
  163  11:59  Drone  
  163  12:00  Drone x2  
  166  12:04  Spine Crawler  
  166  12:06  Spine Crawler x2  
  156  12:12  Lurker, Infestation Pit  
  156  12:13  Lurker x5  
  156  12:14  Lurker x2  
  156  12:15  Hydralisk  
  165  12:22  Drone x5, Spore Crawler, Spine Crawler x2  
  167  12:23  Spine Crawler  
  167  12:24  Spore Crawler  
  167  12:27  Spore Crawler x2, Hydralisk x3  
  158  12:33  Zergling x12  
  135  12:39  Hydralisk  
Tags
 
Add a new tag
Caveats
  • Supply blocks, unpowered buildings, or Contaminate may cause inaccurate times.
  • Supply counts are checked every 10 seconds.